 Dungeon Crawl Stone Soup version 0.26-a0-682-g294304f6e8 (webtiles) character file.

Game seed: 1930809427386988088

133253 lunkers the Gelid (level 16, -10/129 HPs)
             Began as a Vampire Ice Elementalist on Oct 21, 2020.
             Was the Champion of Vehumet.
             Mangled by a merfolk impaler
             ... wielding a +4 vorpal trident
              (20 damage)
             ... on level 2 of the Shoals.
             The game lasted 01:14:35 (29959 turns).

lunkers the Gelid (Vampire Ice Elementalist)       Turns: 29959, Time: 01:14:35

Health: -10/129    AC: 16    Str:  7    XL:     16   Next: 59%
Magic:  1/33       EV: 13    Int: 30    God:    Vehumet [******]
Gold:   2632       SH: 11    Dex: 15    Spells: 25/42 levels left

rFire    . . .     SeeInvis +   b - +1 double sword (elec)
rCold    . . .     Faith    .   T - +1 buckler {AC+3}
rNeg     . . .     Spirit   .   i - +2 robe {Archmagi}
rPois    .         Reflect  +   z - +1 hat {MR+}
rElec    .         Harm     .   H - +0 cloak
rCorr    .         Rampage  .   C - +3 pair of gauntlets of War {Slay+5}
MR       ++...                  o - +2 pair of boots
Stlth    ++........             W - amulet of reflection
HPRegen  0.51/turn              p - +6 ring of intelligence
MPRegen  0.23/turn              J - ring of flight

@: no potions, regenerating quickly, very slow
A: fangs 3, see invisible, unbreathing
a: Exsanguinate, Renounce Religion, Evoke Flight


You were on level 2 of the Shoals.
You worshipped Vehumet.
Vehumet was exalted by your worship.
You visited 5 branches of the dungeon, and saw 26 of its levels.

You collected 3189 gold pieces.
You spent 557 gold pieces at shops.

Inventory:

Hand Weapons
 a - the +9 short sword of Slime {vorpal, Str+6 Dex+4}
   (You found it on level 11 of the Dungeon)

   It inflicts extra damage upon your enemies.
   It affects your strength (+6).
   It affects your dexterity (+4).
 b - a +1 double sword of electrocution (weapon)
Missiles
 t - 2 atropa-tipped darts {=f}
 P - 26 curare-tipped darts {=f}
Armour
 i - a +2 robe of the Archmagi (worn)
 o - a +2 pair of boots (worn)
 z - a +1 hat of magic resistance (worn)
 C - the +3 pair of gauntlets of War (worn) {Slay+5}
   (You found it on level 6 of the Dungeon)

   It affects your accuracy and damage with ranged weapons and melee attacks
   (+5).
 H - a +0 cloak (worn)
 T - a +1 buckler of protection (worn)
Magical Staves
 w - an uncursed staff of air {unknown}
Jewellery
 p - a +6 ring of intelligence (left hand)
 x - an uncursed ring of wizardry
 I - a +4 ring of slaying
 J - a ring of flight (right hand)
 W - an amulet of reflection (around neck)
Wands
 y - a wand of random effects (37)
 B - a wand of flame (51)
 E - a wand of polymorph (12)
 O - a wand of paralysis (21)
 Q - a wand of iceblast (10)
 S - a wand of disintegration (45)
 V - a wand of digging (10)
Scrolls
 c - 7 scrolls of remove curse
 d - 5 scrolls of amnesia
 e - a scroll of identify
 h - a scroll of summoning
 l - 3 scrolls of blinking
 q - 5 scrolls of enchant armour
 u - 2 scrolls of fog
 v - 5 scrolls of enchant weapon
 K - a scroll of teleportation
 U - a scroll of vulnerability
 Z - 2 scrolls of magic mapping
Potions
 f - 2 potions of stabbing
 g - 2 potions of magic
 j - 8 potions of heal wounds
 k - 5 potions of flight
 m - 6 potions of lignification
 n - 3 potions of might
 r - 2 potions of brilliance
 s - 3 potions of invisibility
 A - 2 potions of berserk rage
 D - 7 potions of curing
 F - 3 potions of cancellation
 G - 2 potions of resistance
 N - a potion of haste
 R - 9 potions of ambrosia
Miscellaneous
 L - a box of beasts (3/3)
 X - a phantom mirror (inert)
 Y - a condenser vane (2/2)


   Skills:
 + Level 12.4 Fighting
 - Level 4.0 Long Blades
 - Level 2.1 Dodging
 - Level 10.0 Stealth
 - Level 4.0 Shields
 + Level 13.7 Spellcasting
 * Level 19.9 Ice Magic


You had 25 spell levels left.
You knew the following spells:

 Your Spells              Type           Power        Failure   Level
a - Freeze                Ice            ####         0%          1
b - Frozen Ramparts       Ice            ######       0%          3
c - Ozocubu's Armour      Ice            ########     0%          3
d - Summon Ice Beast      Ice/Summ       #######.     1%          4
e - Ozocubu's Refrigerat  Ice            ########..   1%          6

Your spell library contained the following spells:

 Spells                   Type           Power        Failure   Level
 Starburst                Conj/Fire      ####......   63%         6
 Shock                    Conj/Air       ####         1%          1
 Ensorcelled Hibernation  Hex/Ice        ######       1%          2
 Dazzling Flash           Conj/Hex       ####..       1%          3
 Static Discharge         Conj/Air       ####....     1%          3
 Hailstorm                Conj/Ice       #######.     1%          4
 Ice Form                 Ice/Tmut       #######.     1%          4
 Metabolic Englaciation   Hex/Ice        #######...   1%          5
 Animate Skeleton         Necr           ####..       2%          1
 Apportation              Tloc           ####..       2%          1
 Corona                   Hex            ####...      2%          1
 Pain                     Necr           ####         2%          1
 Summon Small Mammal      Summ           ####         2%          1
 Call Imp                 Summ           ####....     3%          2
 Swiftness                Air            ####....     3%          2
 Simulacrum               Ice/Necr       #######...   6%          6
 Call Canine Familiar     Summ           ####....     7%          3
 Confusing Touch          Hex            ####....     7%          3
 Lesser Beckoning         Tloc           ####......   7%          3
 Summon Guardian Golem    Hex/Summ       ####....     7%          3
 Tukima's Dance           Hex            ####....     7%          3
 Vampiric Draining        Necr           ####......   7%          3
 Airstrike                Air            ####......   7%          4
 Freezing Cloud           Conj/Ice/Air   ######....   7%          6
 Lightning Bolt           Conj/Air       ####......   17%         5
 Animate Dead             Necr           ####......   24%         4
 Summon Lightning Spire   Summ/Air       ####....     24%         4
 Agony                    Necr           ####....     54%         5
 Alistair's Intoxication  Tmut/Pois      ####.....    54%         5
 Invisibility             Hex            ####....     98%         6


Dungeon Overview and Level Annotations

Branches:
Dungeon (14/15)            Temple (1/1) D:5            Lair (6/6) D:11
 Shoals (3/4) Lair:3       Spider (0/4) Lair:2        Slime (0/5) Lair:5
    Orc (2/2) D:9             Elf (0/3) Orc:2        Vaults (0/5) D:13

Altars:
Ashenzari
Cheibriados
Dithmenos
Elyvilon
Fedhas
Gozag
Hepliaklqana
Kikubaaqudgha
Makhleb
Nemelex Xobeh
Okawaru
Qazlal
Ru
Sif Muna
Trog
Uskayaw
Vehumet
Wu Jian
Xom
Yredelemnul
Zin
The Shining One
Jiyva

Shops:
D:4 *   D:5 *   D:10 (}=[   D:11 }   Orc:1 *   Orc:2 =*?*:

Portals:
Abyss: D:5
Trove: D:13 (give 5 potions of resistance)

Annotations:
D:5 1 transporter
D:8 3 runed translucent doors, corevian's ghost, novice DsFi
D:12 1 runed translucent door, Soedd's ghost, journeyman DgAr
Shoals:2 Roxanne


Innate Abilities, Weirdness & Mutations

Your natural rate of healing is unusually fast.
You have razor-sharp teeth.
You have supernaturally acute eyesight. (SInv)
You can survive without breathing.


Message History

* * * LOW HITPOINT WARNING * * *
* * * LOW HITPOINT WARNING * * *
You barely miss the merfolk impaler.
The merfolk impaler is almost dead.
The merfolk impaler completely misses you.
You block the merfolk impaler's attack.
You closely miss the merfolk impaler.
The merfolk impaler is almost dead.
You block the merfolk impaler's attack.
The merfolk impaler hits you with a +4 vorpal trident.
* * * LOW HITPOINT WARNING * * *
* * * LOW HITPOINT WARNING * * *
You cannot drink potions in your current state!
You hit the merfolk impaler.
The merfolk impaler is almost dead.
Splash!
You fall into the shallow water.
Moving in this stuff is going to be slow.
The merfolk impaler hits you with a +4 vorpal trident!!
You die...

(≈≈≈≈≈##.≈≈≈≈≈≈≈≈≈≈≈≈≈≈≈≈≈≈≈≈
≈≈≈≈≈≈.#....≈≈...≈≈≈≈≈≈≈≈≈≈≈≈≈
≈≈≈≈≈≈≈≈....≈....≈≈≈≈≈≈≈≈≈≈≈≈≈≈
≈≈≈≈≈≈≈≈≈≈≈≈.≈....≈≈≈≈≈≈≈≈≈≈≈≈≈≈
≈≈≈≈≈≈≈≈.≈≈...≈≈≈≈≈≈≈≈≈≈≈≈≈≈≈≈≈≈≈
≈≈≈≈≈≈≈≈......≈≈≈≈≈≈≈≈≈≈≈≈≈≈≈≈≈≈≈
≈≈≈≈≈≈≈≈........≈≈≈≈≈≈≈≈≈≈≈≈≈≈≈≈≈
≈≈≈≈≈≈≈≈........≈≈≈≈≈..≈≈≈≈≈≈≈≈≈≈
≈≈≈≈≈≈≈≈...###..@m≈......≈≈≈≈≈≈≈≈
≈≈≈≈≈≈≈≈...###...≈....≈..≈≈≈≈≈≈≈≈
≈≈≈≈≈≈≈≈....#.........≈≈≈≈≈≈≈≈≈≈≈
≈≈≈≈≈≈≈≈.≈.....≈..≈..≈≈≈≈..≈≈≈≈≈≈
≈≈≈≈≈≈≈≈≈.)......†......≈...≈≈≈≈≈
≈≈≈≈≈≈≈≈≈.........>.#.......<≈≈≈≈
≈≈.≈≈≈≈≈.....≈.....##.........≈≈≈
P≈.≈≈≈≈≈..≈≈≈≈..≈.............≈≈≈
≈≈...≈≈≈≈≈≈≈≈≈.≈≈....≈≈≈≈.....≈≈≈


You could see a merfolk impaler.

Vanquished Creatures
  A kraken (Shoals:2)
  5 merfolk impalers (Shoals:2)
  2 merfolk javelineers (Shoals:2)
  Josephine (D:14)
  A yaktaur captain (D:13)
  5 hydras
  A centaur warrior (D:14)
  4 merfolk aquamancers
  A boulder beetle (Lair:6)
  13 two-headed ogres
  4 death yaks (Lair:6)
  2 ogre magi (Orc:2)
  A death knight (D:13)
  Urug (D:13)
  A fire crab (Lair:6)
  4 skeletal warriors (D:13)
  A shadow wraith (D:14)
  3 sea snakes
  2 unseen horrors
  2 deep trolls (Orc:2)
  A wolf spider zombie (D:14)
  A phantasmal warrior (D:13)
  2 harpies (shapeshifter)
  23 harpies
  6 orc knights
  An orb spider (Lair:2)
  An orc sorcerer (Orc:1)
  4 oklob plants (Lair:5)
  8 cyclopes
  10 ugly things
  5 fauns
  2 merfolk sirens (Shoals:2)
  9 manticores
  3 black mambas
  9 elephants (Lair:6)
  A guardian serpent (shapeshifter) (D:13)
  A water nymph (Shoals:1)
  8 cane toads
  A gargoyle (D:14)
  3 centaur skeletons
  4 rime drakes
  A freezing wraith (D:13)
  A kobold demonologist (D:12)
  Maggie (D:6)
  6 komodo dragons
  2 yaktaurs (D:13)
  2 meliai (Lair:4)
  17 merfolk
  4 polar bears (Lair:6)
  2 wind drakes
  A queen bee (Lair:4)
  12 trolls
  11 slime creatures
  3 hornets (Lair:6)
  9 blink frogs
  14 dream sheep
  4 snapping turtles
  10 water elementals
  Sigmund (D:3)
  3 wyverns
  38 yaks
  3 shadows
  14 spriggans (Lair:6)
  A vampire (D:12)
  Eustachio (D:5)
  9 wraiths
  A basilisk (Lair:6)
  10 vampire mosquitoes
  6 wargs
  Menkaure (D:6)
  An acid dragon (D:13)
  10 water moccasins
  4 ice beasts
  17 orc warriors
  22 ogres
  5 sky beasts
  4 black bears
  A phantom (D:14)
  A necrophage (D:13)
  4 boggarts (Lair:6)
  24 wolves
  7 centaurs
  2 big kobolds
  12 bullfrogs
  A wyvern zombie (D:8)
  A scorpion (D:13)
  23 killer bees
  An electric eel (Lair:5)
  5 wights
  2 howler monkeys (D:11)
  A bullfrog zombie (D:13)
  A quasit (D:12)
  4 centaur zombies
  4 jellies
  Crazy Yiuf (D:6)
  A bullfrog skeleton (D:6)
  14 orc priests
  6 hounds
  24 orc wizards
  7 iguanas
  7 worker ants
  A hound skeleton (D:5)
  3 gnolls (D:5)
  11 adders
  A shadow imp (D:6)
  A white imp (D:6)
  3 ufetubi
  2 adder skeletons
  A worm (D:6)
  4 leopard geckos
  109 orcs
  4 giant cockroaches
  6 goblins
  5 hobgoblins
  20 jackals
  18 kobolds
  5 quokkas
  A ball python skeleton (D:4)
  4 bats
  5 frilled lizards
  2 jackal zombies
  A leopard gecko zombie (D:7)
  2 quokka skeletons (D:5)
  A quokka zombie (D:5)
  10 rats
  A bush (Lair:6)
784 creatures vanquished.

Vanquished Creatures (collateral kills)
  Bai Suzhen (Shoals:2)
  Frances (D:12)
  Gastronok (Lair:3)
  Harold (D:10)
  5 hydras
  A two-headed ogre (D:9)
  3 ugly things
  2 merfolk sirens (Lair:3)
  A black mamba (Lair:1)
  4 cane toads
  A rime drake (Lair:2)
  A komodo dragon (Lair:4)
  A meliai (Lair:4)
  2 merfolk (Lair:3)
  6 blink frogs
  A basilisk (Lair:1)
  An acid dragon (D:10)
  A black bear (Lair:1)
  2 orc warriors (D:9)
  An ogre (D:11)
  6 wolves
  A bullfrog (D:9)
  5 killer bees (Lair:4)
  2 wights (D:11)
  A jelly (D:10)
  An adder (D:11)
  4 orcs (D:9)
57 creatures vanquished.

Vanquished Creatures (others)
  3 bushes (Lair:4)
  33 fungi
  187 plants
  5 tentacles (Shoals:2)
228 creatures vanquished.

Grand Total: 1069 creatures vanquished

Notes
Turn   | Place    | Note
-------+----------+-------------------------------------------
     0 | D:1      | lunkers the Vampire Ice Elementalist began the quest for
                  | the Orb.
     0 | D:1      | Reached XP level 1. HP: 13/13 MP: 3/3
   344 | D:1      | Reached XP level 2. HP: 13/19 MP: 0/5
  1105 | D:1      | Reached XP level 3. HP: 22/24 MP: 4/6
  1301 | D:2      | Learned a level 3 spell: Frozen Ramparts
  1979 | D:2      | Reached skill level 5 in Ice Magic
  2038 | D:3      | Reached XP level 4. HP: 30/30 MP: 4/8
  2216 | D:3      | Noticed Sigmund
  2227 | D:3      | Killed Sigmund
  2227 | D:3      | Reached skill level 6 in Ice Magic
  2227 | D:3      | Reached XP level 5. HP: 10/35 MP: 4/10
  2465 | D:3      | Reached XP level 6. HP: 41/41 MP: 5/11
  3043 | D:4      | Found Puongyph's General Store.
  3531 | D:4      | Found a sacrificial altar of Ru.
  3841 | D:5      | Entered Level 5 of the Dungeon
  3850 | D:5      | Reached skill level 7 in Ice Magic
  4009 | D:5      | Noticed an ice beast
  4051 | D:5      | Found an ornate altar of the Wu Jian Council.
  4052 | D:5      | Found a stormy altar of Qazlal.
  4053 | D:5      | Found a glowing golden altar of the Shining One.
  4068 | D:5      | Reached XP level 7. HP: 36/46 MP: 9/13
  4547 | D:4      | Learned a level 3 spell: Ozocubu's Armour
  4552 | D:4      | Learned a level 4 spell: Summon Ice Beast
  4594 | D:5      | Reached skill level 8 in Ice Magic
  4679 | D:5      | Found a one-way gate to the infinite horrors of the Abyss.
  4692 | D:5      | Found a transporter.
  4813 | D:5      | Noticed Eustachio
  4827 | D:5      | Killed Eustachio
  4827 | D:5      | Reached skill level 5 in Spellcasting
  4827 | D:5      | Reached XP level 8. HP: 48/52 MP: 3/15
  4972 | D:5      | Found a staircase to the Ecumenical Temple.
  5036 | Temple   | Entered the Ecumenical Temple
  5084 | Temple   | Became a worshipper of Vehumet
  5104 | D:5      | Found a blossoming altar of Fedhas.
  5147 | D:5      | Found Inolinn's Assorted Antiques.
  5150 | D:5      | Bought a polished ring mail for 207 gold pieces
  5150 | D:5      | Bought a cyan potion for 20 gold pieces
  5150 | D:5      | Bought a scroll labeled FAYGRY BEABBAS for 23 gold pieces
  5150 | D:5      | Bought an inky potion for 20 gold pieces
  5299 | D:5      | Identified the cursed +0 ring mail "Receblewn" {rPois
                  | Str+2} (You bought it in a shop on level 5 of the Dungeon)
  5363 | D:6      | Reached skill level 9 in Ice Magic
  5828 | D:6      | Noticed Maggie
  5836 | D:6      | Killed Maggie
  5836 | D:6      | Reached skill level 10 in Ice Magic
  5885 | D:6      | Found the +3 pair of gauntlets of War {Slay+5}
  6177 | D:6      | Found a runed translucent door.
  6178 | D:6      | Noticed Crazy Yiuf
  6244 | D:6      | Reached XP level 9. HP: 58/58 MP: 15/18
  6287 | D:6      | Noticed Menkaure
  6291 | D:6      | Killed Menkaure
  6303 | D:6      | Reached skill level 1 in Fighting
  6871 | D:6      | Killed Crazy Yiuf
  6953 | D:7      | Reached * piety under Vehumet
  6953 | D:7      | Offered knowledge of Magic Dart by Vehumet.
  7004 | D:7      | Found a sparkling altar of Nemelex Xobeh.
  7900 | D:8      | Found an iron altar of Okawaru.
  7903 | D:8      | Found a hazy altar of Hepliaklqana.
  7906 | D:8      | Found a broken altar of Ashenzari.
  8047 | D:8      | Found a burning altar of Makhleb.
  8152 | D:8      | Reached skill level 11 in Ice Magic
  8411 | D:8      | Found a runed translucent gate.
  8412 | D:8      | Found a runed translucent gate.
  8412 | D:8      | Found a runed translucent gate.
  8412 | D:8      | Noticed corevian's ghost (novice DsFi)
  8414 | D:8      | Found a viscous altar of Jiyva.
  8644 | D:9      | Noticed a two-headed ogre
  8654 | D:9      | Killed a two-headed ogre
  8981 | D:9      | Offered knowledge of Searing Ray by Vehumet.
  8985 | D:9      | Reached ** piety under Vehumet
  9006 | D:9      | Found a staircase to the Orcish Mines.
  9303 | D:9      | Offered knowledge of Conjure Flame by Vehumet.
  9381 | D:9      | Reached XP level 10. HP: 55/71 MP: 15/21
  9552 | D:10     | Entered Level 10 of the Dungeon
  9673 | D:10     | Noticed Harold
  9698 | D:10     | Found Guurux's Antique Weapon Shop.
  9719 | D:10     | Killed Harold
  9719 | D:10     | Reached skill level 12 in Ice Magic
  9724 | D:10     | Reached *** piety under Vehumet
  9816 | D:10     | Found Unlaris's Jewellery Boutique.
  9871 | D:10     | Found Uvit Hes's Gadget Shoppe.
  9924 | D:10     | Noticed Sonja
  9927 | D:10     | Noticed Sonja
  9927 | D:10     | Sonja changed into Sonja the acid dragon
  9933 | D:10     | Killed Sonja the acid dragon
 10053 | D:10     | Found Igreplio's Armour Shop.
 10056 | D:10     | Bought a +1 buckler of protection for 247 gold pieces
 10249 | D:11     | Found a staircase to the Lair.
 10485 | D:11     | Noticed an unseen horror
 10496 | D:11     | Killed an unseen horror
 10496 | D:11     | Reached skill level 1 in Shields
 10512 | D:11     | Noticed a red ugly thing
 10519 | D:11     | Killed a red ugly thing
 10628 | D:11     | Found Muozusch's Gadget Emporium.
 10737 | D:11     | Reached skill level 5 in Stealth
 10901 | D:11     | Noticed a white ugly thing
 11107 | D:11     | Got a shimmering short sword
 11108 | D:11     | Identified the +9 short sword of Slime {vorpal, Str+6
                  | Dex+4} (You found it on level 11 of the Dungeon)
 11184 | D:11     | Offered knowledge of Dazzling Flash by Vehumet.
 11184 | D:11     | Reached skill level 5 in Fighting
 11239 | D:11     | Killed a white ugly thing
 11514 | Lair:1   | Entered Level 1 of the Lair of Beasts
 11522 | Lair:1   | Reached XP level 11. HP: 79/79 MP: 19/23
 11747 | Lair:1   | Noticed a six-headed hydra
 11757 | Lair:1   | Killed a six-headed hydra
 11782 | Lair:1   | Reached skill level 13 in Ice Magic
 12508 | Lair:1   | Noticed a seven-headed hydra
 12515 | Lair:1   | Killed a seven-headed hydra
 12753 | Lair:2   | Found a hole to the Spider Nest.
 12753 | Lair:2   | Noticed an orb spider
 12923 | Lair:2   | Noticed a four-headed hydra
 12930 | Lair:2   | Killed a four-headed hydra
 13119 | Lair:2   | Noticed a five-headed hydra
 13127 | Lair:2   | Killed a five-headed hydra
 13303 | Lair:2   | Killed an orb spider
 13369 | Lair:2   | Reached **** piety under Vehumet
 13440 | Lair:2   | Noticed an eight-headed hydra
 13451 | Lair:2   | Killed an eight-headed hydra
 13459 | Lair:2   | Offered knowledge of Mephitic Cloud by Vehumet.
 13734 | Lair:2   | Noticed a four-headed hydra
 13742 | Lair:2   | Killed a four-headed hydra
 14250 | Lair:3   | Reached XP level 12. HP: 89/89 MP: 18/25
 14262 | Lair:3   | Reached skill level 14 in Ice Magic
 14276 | Lair:3   | Noticed Gastronok
 14288 | Lair:3   | Killed Gastronok
 14862 | Lair:3   | Found a staircase to the Shoals.
 15670 | Lair:4   | Reached skill level 10 in Stealth
 16088 | Lair:4   | Noticed a five-headed hydra
 16097 | Lair:4   | Killed a five-headed hydra
 16097 | Lair:4   | Reached skill level 10 in Spellcasting
 16478 | Lair:4   | Reached ***** piety under Vehumet
 16478 | Lair:4   | Reached skill level 15 in Ice Magic
 17137 | Lair:5   | Got a slimy ring mail
 17262 | Lair:5   | Noticed a seven-headed hydra
 17282 | Lair:5   | Killed a seven-headed hydra
 17415 | Lair:5   | Learned a level 6 spell: Ozocubu's Refrigeration
 17559 | Lair:5   | Reached XP level 13. HP: 98/98 MP: 17/27
 17672 | Lair:5   | Identified the cursed +0 ring mail "Xotsehow" {Rampage rF-
                  | Regen+ Slay+5} (You found it on level 5 of the Lair of
                  | Beasts)
 17742 | Lair:5   | Found a viscous altar of Jiyva.
 17742 | Lair:5   | Found a staircase to the Slime Pits.
 17916 | Lair:5   | Offered knowledge of Fulminant Prism by Vehumet.
 18067 | Lair:5   | Identified a scroll of acquirement
 18068 | Lair:5   | Acquired a +1 double sword of draining
 18314 | Lair:6   | Entered Level 6 of the Lair of Beasts
 18781 | Lair:6   | Reached skill level 16 in Ice Magic
 20016 | Lair:6   | Reached XP level 14. HP: 108/108 MP: 20/29
 20792 | Orc:1    | Entered Level 1 of the Orcish Mines
 20801 | Orc:1    | Found Ramuogis's Assorted Antiques.
 21243 | Orc:2    | Entered Level 2 of the Orcish Mines
 21275 | Orc:2    | Offered knowledge of Lee's Rapid Deconstruction by Vehumet.
 21314 | Orc:2    | Found Uhurch's Book Shoppe.
 21314 | Orc:2    | Found Icy Kaukhir's Magic Scroll Shoppe.
 21314 | Orc:2    | Found Gyubbuog's General Store.
 21324 | Orc:2    | Reached skill level 17 in Ice Magic
 21325 | Orc:2    | Reached skill level 10 in Fighting
 21535 | Orc:2    | Found Poqaugil's Jewellery Boutique.
 21777 | Orc:2    | Found Xizupp's Assorted Antiques.
 21785 | Orc:2    | Bought a scroll labeled ZETOHIL NIGEOPP for 20 gold pieces
 21785 | Orc:2    | Bought a scroll labeled ONYHUU TOJOH for 20 gold pieces
 21826 | Orc:2    | Found a staircase to the Elven Halls.
 22280 | D:12     | Found a runed translucent door.
 22792 | D:12     | Noticed Frances
 22806 | D:12     | Killed Frances
 23229 | D:12     | Found a glowing silver altar of Zin.
 23334 | D:12     | Noticed Soedd's ghost (journeyman DgAr)
 23526 | D:13     | Reached ****** piety under Vehumet
 23638 | D:13     | Reached skill level 18 in Ice Magic
 24122 | D:13     | Offered knowledge of Orb of Destruction by Vehumet.
 24155 | D:13     | Found a portal to a secret trove of treasure.
 24161 | D:13     | Noticed Urug
 24164 | D:13     | Killed Urug
 24371 | D:13     | Reached XP level 15. HP: 90/117 MP: 28/31
 24525 | D:13     | Found a gate to the Vaults.
 25413 | D:14     | Found the +9 staff of Olgreb {rPois∞}
 25705 | D:14     | Noticed Josephine
 25710 | D:14     | Killed Josephine
 26158 | D:14     | Reached skill level 1 in Long Blades
 26675 | Shoals:1 | Entered Level 1 of the Shoals
 26970 | Shoals:1 | Reached skill level 19 in Ice Magic
 27701 | Shoals:1 | Offered knowledge of Starburst by Vehumet.
 28062 | Shoals:2 | Identified Roxanne's Compendium of Earth
 28062 | Shoals:2 | Noticed Roxanne
 28322 | Shoals:2 | Reached XP level 16. HP: 127/127 MP: 25/33
 29245 | Shoals:2 | Noticed a kraken
 29759 | Shoals:2 | Killed a kraken
 29925 | Shoals:3 | Noticed Bai Suzhen
 29941 | Shoals:2 | Killed Bai Suzhen
 29959 | Shoals:2 | Mangled by a merfolk impaler

Illustrated notes

Levels and vault maps discovered:
D:1:      dpeg_arrival_rooms_with_view, layout_basic
D:2:      wad_lake_hut, layout_basic
D:3:      layout_basic, uniq_sigmund
D:4:      layout_basic, serial_shops, shop_fountains, serial_bayou_ford_a,
          nicolae_ru_awakened_eye
D:5:      layout_cave_pools, fedhas_ov_isle_minmay,
          gammafunk_temple_overflow_claw, minmay_temple_entry_crystal_x,
          gammafunk_ghost_abyssal_escape, serial_shops,
          nicolae_shop_window_shopping, serial_column_ruins,
          column_ruins_circle_medium, column_ruins_hut_pillars,
          column_ruins_columns_T, column_ruins_open_tiny,
          column_ruins_open_tiny, minmay_misc_feat_doors, uniq_eustachio
D:6:      layout_layer_cave, uniq_crazy_yiuf_cottage, uniq_maggie, uniq_menkaure
D:7:      layout_cave_pools, nemelex_xobeh_ov_fountains_minmay,
          serial_column_ruins, column_ruins_grid_1, column_ruins_open_small,
          column_ruins_grid_1, hangedman_decor_diamond_cutter
D:8:      layout_loops_corners, bloody_makhleb, grunt_temple_overflow_diamond,
          gammafunk_ghost_ooze
D:9:      layout_roguey, hiddenorc2_lemuel
D:10:     layout_big_octagon, serial_shops, kennysheep_mini, nicolae_shop_stone,
          shop_statue, nicolae_shop_statue_plus, uniq_sonja, uniq_harold
D:11:     layout_rooms, lair_entry_dummy, serial_shops, shop_fountains
D:12:     layout_rooms, basic_altar, ebering_ghost_reflecting_pool,
          hangedman_abyss_or_decor_lesser_grid, uniq_frances
D:13:     layout_irregular_city, david_vaults_2,
          nicolae_trove_entry_free_sample, uniq_urug
D:14:     layout_long_grid, serial_bayou_pond_b, minmay_misc_feat_pillars,
          nooodl_orcs_dogs, uniq_josephine
Temple:   nicolae_temple_god_jail
Lair:1:   layout_hall_layers, hibernation_bobbens, grunt_megastairs_2
Lair:2:   layout_regular_city, nicolae_spider_entry_orb_guardian, minmay_holes
Lair:3:   layout_regular_city, elwin_shoals_entry_stream, uniq_gastronok
Lair:4:   layout_roguey [special_room_bee], beast_lair_carwin_11,
          infiniplex_staircase_pool_2
Lair:5:   layout_regular_city, dpeg_slime_entry_enclosed_altar, st_stairs_8,
          grunt_megastairs_5, infiniplex_staircase_pool, lemuel_fruit_fields,
          serial_bayou_shore_b, minmay_lair_oklob_chamber
Lair:6:   minmay_lair_end_enchanted_forest, layout_big_grid
Shoals:1: layout_shoals
Shoals:2: layout_shoals, st_sunken_temple, uniq_roxanne
Shoals:3: layout_shoals, nicolae_shoals_seven_spires, uniq_bai_suzhen
Orc:1:    layout_caves, serial_shops, shop
Orc:2:    st_orc_open, layout_caves, serial_shops, shop, abandoned_shop

Skill      XL: |  1  2  3  4  5  6  7  8  9 10 11 12 13 14 15 16 |
---------------+-------------------------------------------------+-----
Ice Magic      | 5 6 7 8 10 11 12 13 15 16 18 19 | 19.9
Spellcasting   | 3 4 5 6 7 8 9 10 11 12 13 | 13.7
Fighting       | 3 5 6 8 9 10 11 12 | 12.4
Stealth        | 6 9 10 | 10.0
Shields        | 2 4 |  4.0
Long Blades    | 3 4 |  4.0
Dodging        | |  2.1

Action                   |  1- 3 |  4- 6 |  7- 9 | 10-12 | 13-15 | 16-18 || total
-------------------------+-------+-------+-------+-------+-------+-------++-------
Melee: Unarmed           |     5 |       |       |       |       |       ||     5
       Short sword       |       |    15 |    24 |    98 |   113 |       ||   250
       Bite              |       |     2 |    10 |    18 |    21 |     3 ||    54
       Rapier            |       |       |    74 |    36 |       |       ||   110
       Double sword      |       |       |       |       |    42 |    21 ||    63
 Cast: Freeze            |    64 |    37 |   125 |   113 |     8 |       ||   347
       Frozen Ramparts   |     1 |    10 |    21 |    35 |     1 |       ||    68
       Ozocubu's Armour  |       |       |     5 |     5 |     5 |     1 ||    16
       Summon Ice Beast  |       |       |    17 |    86 |     5 |       ||   108
       Ozocubu's Refrige |       |       |       |     6 |   285 |    65 ||   356
 Abil: Evoke Flight      |       |       |       |       |       |     2 ||     2
Evoke: Wand              |       |       |    14 |     2 |     1 |     1 ||    18
       Phantom mirror    |       |       |       |       |     1 |     1 ||     2
       Condenser vane    |       |       |       |       |     1 |       ||     1
  Use: Scroll            |     1 |       |     8 |    19 |    10 |       ||    38
 Stab: Sleeping          |       |       |       |     7 |     5 |       ||    12
       Distracted        |       |       |       |     4 |       |       ||     4
Armor: Robe              |    19 |    13 |    71 |   111 |    88 |    19 ||   321
Dodge: Dodged            |    57 |    39 |   141 |   171 |   132 |    20 ||   560
Block: Buckler           |       |       |       |    95 |    83 |    27 ||   205
       Reflection        |       |       |       |       |     6 |     5 ||    11
       Rpst.: Double sword |       |       |       |       |     4 |     2 ||     6

Table legend: (Time is in decaauts)
 A = Elapsed time spent in this place.
 B = Non-inter-level travel time spent in this place.
 C = Inter-level travel time spent in this place.
 D = Time resting spent in this place.
 E = Time spent auto-exploring this place.
 F = Levels seen in this place.
 G = Mean time per level.
                   A        B        C        D        E       F      G
               +--------+--------+--------+--------+--------+-----+--------+
         Total |  30254 |  29293 |    961 |   1326 |  22625 |  26 | 1163.6 |
       Dungeon |  16012 |  15512 |    500 |   1056 |  11546 |  14 | 1143.7 |
        Temple |     57 |     48 |      9 |      0 |     34 |   1 |   57.0 |
          Lair |   9440 |   9077 |    363 |    267 |   7438 |   6 | 1573.3 |
        Shoals |   3344 |   3292 |     52 |      3 |   2635 |   3 | 1114.7 |
  Orcish Mines |   1398 |   1364 |     34 |      0 |    972 |   2 |  699.0 |
               +--------+--------+--------+--------+--------+-----+--------+

Top non-repeatable levels by time:
  Lair:6: 2247 daAuts
Shoals:2: 1942 daAuts
    D:13: 1800 daAuts
     D:6: 1592 daAuts
  Lair:3: 1554 daAuts
  Lair:2: 1546 daAuts
    D:11: 1532 daAuts
  Lair:5: 1473 daAuts
Shoals:1: 1395 daAuts
    D:14: 1342 daAuts
  Lair:4: 1336 daAuts
     D:4: 1293 daAuts
  Lair:1: 1281 daAuts
     D:1: 1278 daAuts
     D:8: 1130 daAuts
